 Dungeon Crawl Stone Soup version 0.31-a0-229-g1fc7ce93e2 (webtiles) character file.

Game seed: 2313861754757220269

143702 qw the Marksgargoyle (level 17, 0/117 HPs)
             Began as a Gargoyle Hexslinger on July 6, 2023.
             Was a High Priest of Okawaru.
             Slain by a faun
             ... wielding a +0 spear
             ... led by a satyr
              (26 damage)
             ... on level 2 of the Shoals.
             The game lasted 00:12:58 (25665 turns).

qw the Marksgargoyle (Gargoyle Hexslinger)         Turns: 25665, Time: 00:12:58

Health: 0/117      AC: 35    Str: 18    XL:     17   Next: 38%
Magic:  24/24      EV: 25    Int: 15    God:    Okawaru [*****.]
Gold:   224        SH:  0    Dex: 26    Spells: 17/18 levels left

rFire   + . .        h - +4 longbow (freeze)
rCold   + . .        (shield currently unavailable)
rNeg    + + .        k - +3 ring mail "Doopsum" {rCorr Dex+2}
rPois   inf          o - +2 helmet
rElec   +            m - scarf {rC+ rF+}
rCorr   +            f - +2 pair of gloves
SInv    +            b - +2 pair of boots
Will    +....        w - amulet of faith
Stlth   +++          y - ring of Ocseh {rN+ Str+5 SInv}
HPRegen 0.39/turn    n - +6 ring of dexterity
MPRegen 0.19/turn

%: faith
@: about to teleport, heroic, flying
A: sickness immunity, AC +12, big wings, negative energy resistance 1,
electricity resistance, torment resistance 1, petrification resistance
a: Renounce Religion, Heroism, Finesse, Duel


You were on level 2 of the Shoals.
You worshipped Okawaru.
Okawaru was extremely pleased with you.
You visited 5 branches of the dungeon, and saw 27 of its levels.

You collected 2197 gold pieces.
You spent 1973 gold pieces at shops.


Innate Abilities, Weirdness & Mutations

You are immune to sickness and miasma.
Your stone body is resilient. (AC +12)
You are immune to poison.
Your large and strong wings let you fly.
You resist negative energy. (rN+)
You are resistant to electric shocks. (rElec)
You are resistant to unholy torment.
You are immune to petrification.


   Skills:
 + Level 17.1(22.1) Fighting
 - Level 20.0(25.0) Ranged Weapons
 - Level 10.0(15.0) Armour
 - Level 11.0(16.0) Dodging
 - Level 1.0 Spellcasting
 - Level 2.6 Hexes
 - Level 10.0 Invocations


You had 17 spell levels left.
You knew the following spells:

 Your Spells              Type           Power      Damage    Failure   Level
a - Slow                  Hex            32%        N/A       12%         1

Your spell library contained the following spells:

 Spells                   Type           Power      Damage    Failure   Level
 Inner Flame              Hex/Fire       4%         N/A       52%         3
 Portal Projectile        Hex/Tloc       8%         N/A       52%         3
 Cause Fear               Hex            4%         N/A       75%         4

Inventory:

Hand Weapons
 h - a +4 longbow of freezing (weapon)
Armour
 b - a +2 pair of boots (worn)
 c - the +4 ring mail "Nilo" {rC+ Int+2}
   (Okawaru gifted it to you on level 1 of the Lair of Beasts)

   Int:       It affects your intelligence (+2).
   rC:        It protects you from cold.
 f - a +2 pair of gloves (worn)
 j - a +1 cloak
 k - the +3 ring mail "Doopsum" (worn) {rCorr Dex+2}
   (You found it on level 9 of the Dungeon)

   Dex:       It affects your dexterity (+2).
   rCorr:     It protects you from acid and corrosion.
 m - a scarf of resistance (worn)
 o - a +2 helmet (worn)
 u - a +2 leather armour of fire resistance
Jewellery
 n - a +6 ring of dexterity (right hand)
 v - an amulet of regeneration
 w - an amulet of faith (around neck)
 x - a ring of protection from fire
 y - the ring of Ocseh (left hand) {rN+ Str+5 SInv}
   (You acquired it on level 1 of the Orcish Mines)

   [ring of positive energy]

   Str:       It affects your strength (+5).
   rN:        It protects you from negative energy.
   SInv:      It lets you see invisible.
 Y - a +5 ring of evasion
Scrolls
 g - 6 scrolls of identify
 s - 4 scrolls of teleportation
 z - a scroll of enchant armour
Potions
 a - 3 potions of mutation
 d - 6 potions of enlightenment
 e - a potion of resistance
 i - 2 potions of cancellation
 l - a potion of magic
 p - 2 potions of heal wounds
 q - 4 potions of might
 r - 11 potions of curing
 t - 2 potions of haste

Dungeon Overview and Level Annotations

Branches:
Dungeon (15/15)            Temple (0/1) D:5            Lair (5/5) D:11
 Shoals (2/4) Lair:3        Snake (3/4) Lair:2        Slime (0/5) Lair:4
    Orc (2/2) D:9             Elf (0/3) Orc:2        Vaults (0/5) D:13
 Depths (0/4) D:15

Altars:
Cheibriados
Dithmenos
Elyvilon
Fedhas
Gozag
Nemelex Xobeh
Okawaru
Qazlal
Ru
Sif Muna
Trog
Uskayaw
Vehumet
Wu Jian
Yredelemnul
Zin
The Shining One
Jiyva
Lugonu

Shops:
D:1 (   D:9 [   D:13 *   Orc:1 *=(=   Orc:2 *[(:?   Shoals:1 :   Snake:1 [!(=
Snake:2 !

Portals:
Abyss: Lair:5
Trove: D:11 (give 15 scrolls of teleportation)

Annotations:
D:4 2 transporters, qw's ghost, amateur MiHs
D:9 6 transporters
Lair:4 1 runed translucent door
Orc:1 1 transporter


Message History

The faun unwields a +0 sling.
The faun wields a +0 quarterstaff.
The faun hits the plant with a +0 quarterstaff.
The plant begins to die.
You shoot an arrow. The arrow misses the wind drake.
The faun no longer looks unusually strong.
The wind drake completely misses you.
You shoot an arrow. The arrow hits the wind drake!
The arrow freezes the wind drake.
The wind drake is heavily wounded.
The faun hits the plant with a +0 quarterstaff!
The wind drake completely misses you.
You shoot an arrow. The arrow hits the wind drake!!
The arrow freezes the wind drake!
You kill the wind drake!
Okawaru accepts your kill.
The faun hits you from afar with a +0 spear.
You shoot an arrow. The arrow barely misses the faun.
The faun no longer looks unusually strong.
You shoot an arrow. The arrow hits the faun!
The arrow freezes the faun.
The faun is moderately wounded.
The faun barely misses you.
A water nymph comes into view.
You shoot an arrow. The arrow hits the faun!
The arrow freezes the faun.
The faun is severely wounded.
The satyr hits you but does no damage.
The faun unwields a +0 sling.
The faun wields a +0 spear.
The faun hits the plant with a +0 spear.
The plant begins to die.
The faun unwields a +0 sling.
The faun wields a +0 club.
The faun hits you with a +0 club! The faun hits you but does no damage.
The faun hits the plant with a +0 quarterstaff!!
The plant begins to die.
25665 ||| READING 5 scrolls of teleportation.
As you read the scroll of teleportation, it crumbles to dust.
You feel strangely unstable.
A nearby plant withers and dies.
The satyr completely misses you.
The faun hits the plant with a +0 quarterstaff.
The faun hits the plant with a +0 spear!
The faun hits you from afar with a +0 spear!!
You die...

~~~~~~~~~~~~~.......#.
~~~~~~~~~~~~~~........#.
~~~~~~~~~~~..........P..
~~~~~~~~~~~~..##.....m##
~~~~~~~~~~~).###.....##
~~~~~~~~~...c%.##~~..###
~~~~~~P~c.##((.#...P.SP.
~~~~PPPPcP#.~%~..P.P....
~~~PPPP@PccE.m~.##.P....
~~~~~~PPPPc.~~..##....P.
~~~~P~PP~.P%~.P~~.......
~~PPP~~~~P.P.~~~~.....P.
~~~~~~~~~~..~~~~~.~~.P..
~~~~.~~~~~...~~~~~~~....
~~~~~~~~~.##.~~.........
~~~~~~~~~.#../....##....
P~~~~..(.P....##.....


You could see a satyr, 4 fauns, a water elemental and a water nymph.

Vanquished Creatures
  Saint Roka (Orc:2)
  Bai Suzhen (Snake:3)
  Roxanne (Shoals:1)
  3 nagarajas
  A fenstrider witch (Shoals:1)
  Aizul (Snake:3)
  An orc warlord (Orc:2)
  A merfolk impaler (Shoals:1)
  2 rakshasas (D:15)
  7 vault guards (D:13)
  6 hydras
  2 catoblepae
  A merfolk aquamancer (Shoals:1)
  4 centaur warriors
  5 anacondas
  2 alligator snapping turtles (Shoals:1)
  4 two-headed ogres
  Erica (Orc:1)
  7 boulder beetles
  3 death yaks (Lair:5)
  5 naga sharpshooters
  5 naga warriors
  2 thrashing horrors (Lair:5)
  Sonja (Lair:4)
  5 shock serpents
  An orc high priest (Orc:2)
  2 skysharks
  5 skeletal warriors (D:14)
  8 sea snakes
  A salamander mystic (Snake:2)
  4 naga ritualists
  3 wizards (D:15)
  A necromancer (D:15)
  5 orc knights (Orc:2)
  3 deep elf pyromancers
  9 harpies
  6 cyclopes
  12 ugly things
  An oklob plant (Lair:4)
  9 mana vipers
  4 orc sorcerers
  5 elephants (Lair:1)
  2 merfolk sirens (Shoals:1)
  4 salamanders
  4 manticores
  A guardian serpent (Snake:3)
  16 black mambas
  2 water nymphs
  A smoke demon (Lair:5)
  8 naga magi
  2 gargoyles
  6 large abominations (Lair:5)
  2 unseen horrors
  10 cane toads
  An efreet (D:13)
  4 yaktaurs (D:15)
  A rime drake (D:11)
  A redback zombie (D:15)
  3 freezing wraiths (D:15)
  8 komodo dragons
  A meliai (D:15)
  An ancient zyme (Lair:5)
  7 trolls
  A queen bee (Lair:2)
  A wolf spider simulacrum (D:15)
  5 merfolk
  2 polar bears (Lair:5)
  A wind drake (Shoals:2)
  2 snapping turtles
  15 blink frogs
  8 dream sheep
  11 slime creatures
  A centaur simulacrum (D:15)
  3 wraiths
  2 shadows
  A spriggan (Lair:5)
  5 water elementals (Shoals:1)
  50 yaks
  6 wyverns
  A ynoxinul (Lair:5)
  A vampire (D:13)
  4 basilisks
  Eustachio (D:6)
  A golden eye (shapeshifter) (D:15)
  4 chaos spawn (Lair:5)
  A steam dragon (D:8)
  4 wargs
  20 nagas
  Edmund (D:4)
  3 acid dragons
  19 water moccasins
  30 orc warriors
  3 black bears
  7 ice beasts
  An ice beast (shapeshifter) (Lair:5)
  12 centaurs
  A sky beast (D:7)
  5 ogres
  38 wolves
  2 phantoms (D:5)
  A kobold brigand (D:10)
  19 bullfrogs
  2 scorpions
  9 small abominations (Lair:5)
  4 wights
  19 killer bees (Lair:2)
  4 howler monkeys
  3 electric eels
  4 lava snakes (Snake:3)
  A crimson imp (D:4)
  4 hounds
  A hound (shapeshifter) (Lair:5)
  16 orc priests
  2 sleepcaps (D:5)
  An iguana (D:6)
  18 orc wizards
  A statue (D:10)
  Robin (D:4)
  A gnoll (D:1)
  5 adders
  A white imp (D:4)
  4 worms
  A dart slug (D:4)
  72 orcs
  6 ball pythons
  5 endoplasms
  5 giant cockroaches
  12 goblins
  10 hobgoblins
  7 jackals
  10 kobolds
  A quokka (D:5)
  4 bats
  2 frilled lizards
  3 goblin skeletons (D:4)
  A goblin zombie (D:4)
  4 hobgoblin zombies (D:4)
  A kobold skeleton (D:4)
  A kobold zombie (D:4)
  3 orc skeletons (D:4)
  7 rats
785 creatures vanquished.

Notes
Turn   | Place    | Note
-------+----------+-------------------------------------------
     0 | D:1      | qw the Gargoyle Hexslinger began the quest for the Orb.
     0 | D:1      | Reached XP level 1. HP: 12/12 MP: 2/2
     0 | D:1      | 0 ||| qw: Version: 0.3-a-46-gb1f654a
     0 | D:1      | 0 ||| qw: Game counter: 1354
     0 | D:1      | 0 ||| qw: Melee chars always use a shield: true
     0 | D:1      | 0 ||| qw: God list: Okawaru
     0 | D:1      | 0 ||| qw: Allow faded altars: false
     0 | D:1      | 0 ||| qw: Do Orc after clearing Dungeon:15 true
     0 | D:1      | 0 ||| qw: Do second Lair branch before Depths: true
     0 | D:1      | 0 ||| qw: Lair rune preference: random
     0 | D:1      | 0 ||| qw: Goals: Normal
     0 | D:1      | 0 ||| PLANNING D:1-11
    25 | D:1      | Reached XP level 2. HP: 14/16 MP: 3/3
   127 | D:1      | Reached skill level 3 in Ranged Weapons
   291 | D:1      | Found Devuh's Antique Weapon Emporium.
   320 | D:1      | Reached XP level 3. HP: 21/21 MP: 4/4
   646 | D:1      | 646 ||| UPGRADING to amulet of guardian spirit.
   651 | D:1      | 651 ||| READING scroll labelled REYRIO WOXZANE.
   652 | D:1      | 652 ||| READING scroll labelled JOSTRU QEHAKKUO.
   656 | D:1      | 656 ||| DRINKING 2 bubbling pink potions.
   657 | D:1      | 657 ||| DROPPING scroll of poison.
  1077 | D:2      | Found a faded altar of an unknown god.
  1094 | D:2      | Reached XP level 4. HP: 24/26 MP: 2/5
  1158 | D:2      | Reached skill level 4 in Ranged Weapons
  1609 | D:2      | 1609 ||| UPGRADING to +5 ring of evasion.
  1610 | D:2      | 1610 ||| UPGRADING to +6 ring of dexterity.
  1611 | D:2      | 1611 ||| READING scroll labelled REDYESEACU.
  1612 | D:2      | 1612 ||| READING scroll labelled SAKHEYT USMEOL.
  1613 | D:2      | 1613 ||| READING scroll labelled UWEUPL TURALL.
  1651 | D:3      | Found a blossoming altar of Fedhas.
  1737 | D:3      | Found a basalt altar of Yredelemnul.
  2016 | D:3      | Found a hide-covered altar of Uskayaw.
  2268 | D:3      | 2268 ||| UPGRADING to +1 cloak.
  2273 | D:3      | 2273 ||| UPGRADING to +0 ring mail.
  2283 | D:3      | 2283 ||| DROPPING +0 robe.
  2284 | D:3      | 2284 ||| READING scroll labelled CEGEPH UN GIM.
  2285 | D:3      | 2285 ||| DRINKING 2 ruby potions.
  2287 | D:3      | 2287 ||| STAIRDANCE
  2389 | D:2      | 2389 ||| DRINKING 2 sedimented amethyst potions.
  2423 | D:2      | 2423 ||| DRINKING 2 golden potions.
  2424 | D:2      | 2424 ||| DROPPING potion of berserk rage.
  2425 | D:2      | 2425 ||| DROPPING potion of lignification.
  2489 | D:4      | Reached XP level 5. HP: 29/30 MP: 4/6
  2518 | D:4      | Reached skill level 5 in Ranged Weapons
  2608 | D:4      | Reached XP level 6. HP: 29/36 MP: 4/7
  2654 | D:4      | Reached skill level 3 in Fighting
  2654 | D:4      | 2654 ||| FLEEEEING.
  2655 | D:4      | 2655 ||| FLEEEEING.
  2656 | D:4      | 2656 ||| FLEEEEING.
  2657 | D:4      | 2657 ||| FLEEEEING.
  2658 | D:4      | 2658 ||| FLEEEEING.
  2659 | D:4      | 2659 ||| FLEEEEING.
  2660 | D:4      | 2660 ||| FLEEEEING.
  2661 | D:4      | 2661 ||| FLEEEEING.
  2662 | D:4      | 2662 ||| FLEEEEING.
  2663 | D:4      | 2663 ||| FLEEEEING.
  2664 | D:4      | 2664 ||| FLEEEEING.
  2665 | D:4      | 2665 ||| FLEEEEING.
  2666 | D:4      | 2666 ||| FLEEEEING.
  2667 | D:4      | 2667 ||| FLEEEEING.
  2668 | D:4      | 2668 ||| FLEEEEING.
  2669 | D:4      | 2669 ||| FLEEEEING.
  2807 | D:4      | 2807 ||| FLEEEEING.
  2808 | D:4      | 2808 ||| FLEEEEING.
  2809 | D:4      | 2809 ||| FLEEEEING.
  2810 | D:4      | 2810 ||| FLEEEEING.
  2811 | D:4      | 2811 ||| FLEEEEING.
  2812 | D:4      | 2812 ||| STAIRDANCE
  2813 | D:3      | Found an iron altar of Okawaru.
  2813 | D:3      | Found a sacrificial altar of Ru.
  2813 | D:3      | Found a white marble altar of Elyvilon.
  2814 | D:3      | 2814 ||| PLANNING OKAWARU WORSHIP
  2818 | D:3      | Became a worshipper of Warmaster Okawaru
  2819 | D:3      | 2819 ||| PLANNING D:1-11
  2819 | D:3      | 2819 ||| REMOVING amulet of guardian spirit.
  2829 | D:3      | 2829 ||| DROPPING amulet of guardian spirit.
  2830 | D:3      | 2830 ||| READING scroll labelled WUICUMM JASUOR.
  2831 | D:3      | 2831 ||| READING scroll labelled JORREGH NYXKUDD.
  2885 | D:4      | 2885 ||| SWAPPING to +0 shortbow.
  2886 | D:4      | 2886 ||| DROPPING +2 sling of freezing.
  3017 | D:4      | Found a glowing golden altar of the Shining One.
  3106 | D:4      | Noticed Edmund
  3133 | D:4      | Killed Edmund
  3134 | D:4      | Reached skill level 6 in Ranged Weapons
  3134 | D:4      | Reached XP level 7. HP: 13/41 MP: 8/8
  3353 | D:4      | Found a transporter.
  3354 | D:4      | Found a transporter.
  3356 | D:4      | Noticed qw's ghost (amateur MiHs)
  3443 | D:5      | Entered Level 5 of the Dungeon
  3581 | D:5      | Reached * piety under Okawaru
  3708 | D:5      | Reached skill level 7 in Ranged Weapons
  3708 | D:5      | Reached skill level 1 in Invocations
  3927 | D:5      | 3927 ||| FLEEEEING.
  3928 | D:5      | 3928 ||| FLEEEEING.
  3930 | D:5      | 3930 ||| FLEEEEING.
  3931 | D:5      | 3931 ||| FLEEEEING.
  3932 | D:5      | 3932 ||| FLEEEEING.
  3933 | D:5      | 3933 ||| FLEEEEING.
  3939 | D:5      | 3939 ||| FLEEEEING.
  3940 | D:5      | 3940 ||| FLEEEEING.
  3941 | D:5      | 3941 ||| FLEEEEING.
  3942 | D:5      | 3942 ||| FLEEEEING.
  3943 | D:5      | 3943 ||| FLEEEEING.
  3944 | D:5      | 3944 ||| FLEEEEING.
  3945 | D:5      | 3945 ||| FLEEEEING.
  3946 | D:5      | 3946 ||| STAIRDANCE
  3947 | D:4      | Noticed Robin
  3948 | D:4      | 3948 ||| INVOKING Heroism.
  3950 | D:4      | Killed Robin
  3982 | D:4      | 3982 ||| UPGRADING to +2 animal skin.
  3992 | D:4      | 3992 ||| UPGRADING to +0 helmet.
  3997 | D:4      | 3997 ||| DROPPING +0 ring mail.
  3998 | D:4      | 3998 ||| DRINKING 2 inky potions.
  4002 | D:5      | 4002 ||| STAIRDANCE
  4036 | D:5      | 4036 ||| INVOKING Heroism.
  4059 | D:5      | 4059 ||| STAIRDANCE
  4157 | D:5      | Found a staircase to the Ecumenical Temple.
  4168 | D:5      | Reached XP level 8. HP: 39/48 MP: 9/9
  4497 | D:5      | Found a glowing silver altar of Zin.
  4502 | D:5      | Found an opulent altar of Gozag.
  4766 | D:6      | 4766 ||| INVOKING Heroism.
  4774 | D:6      | Reached skill level 3 in Invocations
  4890 | D:6      | Noticed a shadow
  4898 | D:6      | 4898 ||| INVOKING Heroism.
  4900 | D:6      | Killed a shadow
  4901 | D:6      | Reached skill level 8 in Ranged Weapons
  4974 | D:6      | 4974 ||| FLEEEEING.
  4975 | D:6      | 4975 ||| FLEEEEING.
  5215 | D:6      | You fall into a shaft and drop 1 floor!
  5216 | D:7      | 5216 ||| READING scroll labelled HIELENN CEHIONT.
  5216 | D:7      | Found an ornate altar of the Wu Jian Council.
  5217 | D:7      | 5217 ||| DRINKING 3 glowing dark potions.
  5218 | D:7      | 5218 ||| READING 2 scrolls of identify.
  5218 | D:7      | 5218 ||| IDENTIFYING bubbling coppery potion
  5219 | D:7      | 5219 ||| DROPPING 2 potions of invisibility.
  5365 | D:6      | Noticed Eustachio
  5366 | D:6      | 5366 ||| FLEEEEING.
  5367 | D:6      | 5367 ||| FLEEEEING.
  5368 | D:6      | 5368 ||| FLEEEEING.
  5369 | D:6      | 5369 ||| FLEEEEING.
  5370 | D:6      | 5370 ||| FLEEEEING.
  5371 | D:6      | 5371 ||| FLEEEEING.
  5372 | D:6      | 5372 ||| FLEEEEING.
  5373 | D:6      | 5373 ||| FLEEEEING.
  5374 | D:6      | 5374 ||| FLEEEEING.
  5375 | D:6      | 5375 ||| FLEEEEING.
  5376 | D:6      | 5376 ||| FLEEEEING.
  5377 | D:6      | 5377 ||| FLEEEEING.
  5378 | D:6      | 5378 ||| FLEEEEING.
  5379 | D:6      | 5379 ||| FLEEEEING.
  5380 | D:6      | 5380 ||| FLEEEEING.
  5381 | D:6      | 5381 ||| FLEEEEING.
  5382 | D:6      | 5382 ||| FLEEEEING.
  5386 | D:6      | 5386 ||| INVOKING Heroism.
  5397 | D:6      | Killed Eustachio
  5587 | D:6      | 5587 ||| INVOKING Heroism.
  5662 | D:6      | 5662 ||| READING scroll labelled SEH RIRRAM.
  5724 | D:7      | 5724 ||| INVOKING Heroism.
  5740 | D:7      | Reached XP level 9. HP: 48/54 MP: 10/12
  5770 | D:7      | 5770 ||| SWAPPING to +2 orcbow of flaming.
  5771 | D:7      | 5771 ||| DROPPING +0 shortbow.
  5792 | D:7      | Reached skill level 3 in Dodging
  5805 | D:7      | Reached skill level 9 in Ranged Weapons
  5878 | D:7      | Found a shadowy altar of Dithmenos.
  5886 | D:7      | Found a snail-covered altar of Cheibriados.
  5889 | D:7      | Found a shimmering blue altar of Sif Muna.
  5891 | D:7      | Found a stormy altar of Qazlal.
  5945 | D:7      | 5945 ||| DRINKING potion of curing.
  5945 | D:7      | 5945 ||| (to cure confusion)
  5987 | D:7      | Reached skill level 6 in Fighting
  6128 | D:7      | 6128 ||| DROPPING ring of ice.
  6129 | D:7      | 6129 ||| READING scroll labelled VIMISO BUVEU.
  6130 | D:7      | 6130 ||| READING 3 scrolls of identify.
  6130 | D:7      | 6130 ||| IDENTIFYING red potion
  6131 | D:7      | 6131 ||| READING 2 scrolls of identify.
  6131 | D:7      | 6131 ||| IDENTIFYING green potion
  6132 | D:7      | 6132 ||| DROPPING potion of degeneration.
  6133 | D:7      | 6133 ||| DROPPING potion of ambrosia.
  6163 | D:8      | 6163 ||| STAIRDANCE
  6172 | D:7      | Reached ** piety under Okawaru
  6208 | D:8      | 6208 ||| INVOKING Heroism.
  6215 | D:8      | Reached skill level 10 in Ranged Weapons
  6221 | D:8      | 6221 ||| STAIRDANCE
  6223 | D:7      | HP: 6/56 [yak (11)]
  6224 | D:7      | 6224 ||| READING 2 scrolls of teleportation.
  6225 | D:7      | 6225 ||| DRINKING 2 potions of heal wounds.
  6454 | D:8      | Noticed a two-headed ogre
  6456 | D:8      | 6456 ||| INVOKING Heroism.
  6459 | D:8      | Killed a two-headed ogre
  6459 | D:8      | Reached *** piety under Okawaru
  6460 | D:8      | Reached XP level 10. HP: 53/63 MP: 10/13
  6766 | D:8      | 6766 ||| UPGRADING to +0 pair of gloves.
  6771 | D:8      | 6771 ||| READING 2 scrolls of identify.
  6771 | D:8      | 6771 ||| IDENTIFYING fuming cyan potion
  6793 | D:9      | 6793 ||| STAIRDANCE
  6855 | D:9      | Noticed a gargoyle
  6857 | D:9      | 6857 ||| FLEEEEING.
  6858 | D:9      | 6858 ||| STAIRDANCE
  6888 | D:9      | 6888 ||| DRINKING potion of curing.
  6888 | D:9      | 6888 ||| (to cure confusion)
  6892 | D:9      | 6892 ||| STAIRDANCE
  6894 | D:8      | 6894 ||| INVOKING Heroism.
  6896 | D:8      | Killed a gargoyle
  7000 | D:9      | 7000 ||| INVOKING Heroism.
  7005 | D:9      | Reached skill level 11 in Ranged Weapons
  7031 | D:9      | Found a transporter.
  7034 | D:9      | Found a transporter.
  7061 | D:9      | Found Oghinag's Armour Emporium.
  7070 | D:9      | 7070 ||| BUYING +3 ring mail of cold resistance (338 gold).
  7070 | D:9      | Bought a +3 ring mail of cold resistance for 338 gold
                  | pieces
  7070 | D:9      | 7070 ||| SHOPLISTING quicksilver dragon scales (780 gold,
                  | have 21).
  7159 | D:9      | Found a transporter.
  7161 | D:9      | Found a transporter.
  7195 | D:9      | 7195 ||| INVOKING Heroism.
  7199 | D:9      | 7199 ||| Stepping ~*~*~tactically~*~*~ (outnumbered).
  7214 | D:9      | Reached **** piety under Okawaru
  7293 | D:9      | 7293 ||| INVOKING Heroism.
  7305 | D:9      | HP: 11/64 [yak (7)]
  7306 | D:9      | 7306 ||| READING 3 scrolls of teleportation.
  7307 | D:9      | 7307 ||| DRINKING potion of heal wounds.
  7452 | D:9      | Found a transporter.
  7454 | D:9      | Found a transporter.
  7464 | D:9      | Identified the +3 ring mail "Doopsum" {rCorr Dex+2}
  7478 | D:9      | Reached XP level 11. HP: 67/68 MP: 15/15
  7479 | D:9      | Reached skill level 12 in Ranged Weapons
  7689 | D:9      | Found a staircase to the Orcish Mines.
  7690 | D:9      | 7690 ||| UPGRADING to +0 troll leather armour.
  7700 | D:9      | 7700 ||| UPGRADING to +3 ring mail of cold resistance.
  7710 | D:9      | 7710 ||| DROPPING +0 troll leather armour.
  7711 | D:9      | 7711 ||| UPGRADING to +3 ring mail "Doopsum" {rCorr Dex+2}.
  7721 | D:9      | 7721 ||| DROPPING +2 animal skin.
  7722 | D:9      | 7722 ||| READING scroll labelled ILOOFA PESYMNOR.
  7741 | D:10     | Entered Level 10 of the Dungeon
  7752 | D:10     | Noticed a two-headed ogre
  7753 | D:10     | 7753 ||| INVOKING Heroism.
  7762 | D:10     | Killed a two-headed ogre
  7763 | D:10     | Reached skill level 3 in Armour
  7763 | D:10     | Reached skill level 6 in Invocations
  7817 | D:10     | Found a radiant altar of Vehumet.
  7820 | D:10     | 7820 ||| INVOKING Heroism.
  7920 | D:10     | 7920 ||| INVOKING Heroism.
  8039 | D:10     | Noticed a two-headed ogre
  8040 | D:10     | 8040 ||| INVOKING Heroism.
  8051 | D:10     | Killed a two-headed ogre
  8404 | D:10     | Found a sparkling altar of Nemelex Xobeh.
  8534 | D:10     | 8534 ||| UPGRADING to +1 pair of boots.
  8539 | D:10     | 8539 ||| UPGRADING to scarf of resistance.
  8549 | D:10     | 8549 ||| READING scroll labelled RIDIAH VAFO.
  8562 | D:11     | Noticed a boulder beetle
  8563 | D:11     | 8563 ||| INVOKING Heroism.
  8580 | D:11     | Killed a boulder beetle
  8910 | D:11     | 8910 ||| UPGRADING to +2 pair of gloves.
  8911 | D:11     | 8911 ||| Stepping randomly (disturbance).
  8983 | D:11     | 8983 ||| UPGRADING to +2 pair of gloves.
  8993 | D:11     | 8993 ||| DROPPING +0 pair of gloves.
  9033 | D:11     | 9033 ||| INVOKING Heroism.
  9264 | D:11     | Found a portal to a secret trove of treasure.
  9363 | D:11     | Reached ***** piety under Okawaru
  9388 | D:11     | Noticed a centaur warrior
  9394 | D:11     | 9394 ||| INVOKING Heroism.
  9396 | D:11     | Reached skill level 13 in Ranged Weapons
  9397 | D:11     | Killed a centaur warrior
  9398 | D:11     | Reached skill level 9 in Invocations
  9543 | D:11     | Found a staircase to the Lair.
  9705 | D:11     | 9705 ||| PLANNING LAIR
  9730 | Lair:1   | Entered Level 1 of the Lair of Beasts
  9778 | Lair:1   | 9778 ||| INVOKING Heroism.
  9779 | Lair:1   | Identified the +4 ring mail "Nilo" {rC+ Int+2} (Okawaru
                  | gifted it to you on level 1 of the Lair of Beasts)
  9779 | Lair:1   | Received a gift from Okawaru
  9780 | Lair:1   | Reached XP level 12. HP: 50/75 MP: 16/19
  9801 | Lair:1   | Reached skill level 9 in Fighting
  9824 | Lair:1   | 9824 ||| INVOKING Heroism.
 10187 | Lair:1   | 10187 ||| INVOKING Heroism.
 10320 | Lair:1   | Identified the +0 trident "Noiratreun" {flame, Str+4 Dex+4}
 10338 | Lair:1   | Identified the +9 war axe "Qaxtiwum" {venom, SInv Stlth+}
 10648 | Lair:1   | Noticed a catoblepas
 10649 | Lair:1   | 10649 ||| INVOKING Heroism.
 10650 | Lair:1   | 10650 ||| INVOKING Finesse.
 10674 | Lair:1   | Reached skill level 14 in Ranged Weapons
 10692 | Lair:1   | Killed a catoblepas
 10841 | Lair:1   | 10841 ||| DROPPING +3 ring mail of cold resistance.
 10842 | Lair:1   | 10842 ||| READING scroll labelled TAASHR DIJAEJA.
 10891 | Lair:1   | 10891 ||| READING scroll labelled WIALOR QUUC.
 10992 | Lair:1   | 10992 ||| READING 2 scrolls of identify.
 10992 | Lair:1   | 10992 ||| IDENTIFYING lumpy brown potion
 10993 | Lair:1   | 10993 ||| DROPPING potion of brilliance.
 11027 | Lair:2   | 11027 ||| INVOKING Heroism.
 11173 | Lair:2   | 11173 ||| READING scroll of enchant weapon.
 11173 | Lair:2   | 11173 ||| ENCHANTING +2 orcbow of flaming.
 11254 | Lair:2   | 11254 ||| Stepping ~*~*~tactically~*~*~ (outnumbered).
 11267 | Lair:2   | 11267 ||| Stepping ~*~*~tactically~*~*~ (outnumbered).
 11556 | Lair:2   | Found a staircase to the Snake Pit.
 11603 | Lair:2   | 11603 ||| INVOKING Heroism.
 11640 | Lair:2   | Reached skill level 15 in Ranged Weapons
 11655 | Lair:2   | Reached XP level 13. HP: 58/82 MP: 20/20
 12043 | Lair:2   | 12043 ||| DROPPING amulet of magic regeneration.
 12044 | Lair:2   | 12044 ||| READING 2 scrolls labelled TUINGU GEESS.
 12045 | Lair:2   | 12045 ||| READING scroll of enchant armour.
 12045 | Lair:2   | 12045 ||| ENCHANTING +0 helmet.
 12128 | Lair:3   | 12128 ||| INVOKING Heroism.
 12135 | Lair:3   | Reached skill level 6 in Armour
 12199 | Lair:3   | 12199 ||| INVOKING Heroism.
 12371 | Lair:3   | Found a staircase to the Shoals.
 12511 | Lair:3   | 12511 ||| INVOKING Heroism.
 13169 | Lair:3   | 13169 ||| DROPPING +2 hat.
 13170 | Lair:3   | 13170 ||| DROPPING ring of wizardry.
 13171 | Lair:3   | 13171 ||| READING 2 scrolls of identify.
 13171 | Lair:3   | 13171 ||| IDENTIFYING glowing grey potion
 13205 | Lair:4   | 13205 ||| FLEEEEING.
 13212 | Lair:4   | 13212 ||| STAIRDANCE
 13368 | Lair:4   | 13368 ||| INVOKING Heroism.
 13390 | Lair:4   | Noticed Sonja
 13391 | Lair:4   | 13391 ||| INVOKING Finesse.
 13400 | Lair:4   | Reached skill level 16 in Ranged Weapons
 13411 | Lair:4   | Killed Sonja
 13530 | Lair:4   | Reached skill level 6 in Dodging
 13670 | Lair:4   | 13670 ||| INVOKING Heroism.
 13708 | Lair:4   | 13708 ||| INVOKING Finesse.
 13915 | Lair:4   | 13915 ||| INVOKING Heroism.
 14034 | Lair:4   | Found a runed translucent door.
 14035 | Lair:4   | Found a viscous altar of Jiyva.
 14035 | Lair:4   | Noticed an acid blob
 14035 | Lair:4   | Noticed an acid blob
 14037 | Lair:4   | Found a staircase to the Slime Pits.
 14448 | Lair:5   | Entered Level 5 of the Lair of Beasts
 14449 | Lair:5   | 14449 ||| INVOKING Heroism.
 14478 | Lair:5   | 14478 ||| STAIRDANCE
 14480 | Lair:4   | 14480 ||| INVOKING Heroism.
 14613 | Lair:5   | 14613 ||| INVOKING Heroism.
 14621 | Lair:5   | Received a gift from Okawaru
 14622 | Lair:5   | Reached skill level 12 in Fighting
 14632 | Lair:5   | 14632 ||| SWAPPING to +2 longbow of freezing.
 14633 | Lair:5   | 14633 ||| DROPPING +3 orcbow of flaming.
 14674 | Lair:5   | 14674 ||| INVOKING Heroism.
 14675 | Lair:5   | 14675 ||| INVOKING Finesse.
 14824 | Lair:5   | 14824 ||| INVOKING Heroism.
 14871 | Lair:5   | 14871 ||| INVOKING Heroism.
 14896 | Lair:5   | Gained mutation: Your large and strong wings let you fly.
                  | [Gargoyle growth]
 14896 | Lair:5   | Reached XP level 14. HP: 71/92 MP: 21/21
 14924 | Lair:5   | 14924 ||| FLEEEEING.
 15058 | Lair:5   | Reached skill level 17 in Ranged Weapons
 15112 | Lair:5   | 15112 ||| Stepping ~*~*~tactically~*~*~ (outnumbered).
 15118 | Lair:5   | 15118 ||| INVOKING Heroism.
 15125 | Lair:5   | HP: 10/92 [thrashing horror (18)]
 15126 | Lair:5   | 15126 ||| READING 7 scrolls of teleportation.
 15127 | Lair:5   | 15127 ||| DRINKING 4 potions of heal wounds.
 15326 | Lair:5   | 15326 ||| INVOKING Heroism.
 15472 | Lair:5   | 15472 ||| READING scroll of enchant armour.
 15472 | Lair:5   | 15472 ||| ENCHANTING +1 helmet.
 15641 | Lair:5   | 15641 ||| INVOKING Heroism.
 15783 | Lair:5   | Identified the staff "Qoum" {rC+ rN+ Ice}
 15873 | Lair:5   | Found a corrupted altar of Lugonu.
 15873 | Lair:5   | Found a one-way gate to the infinite horrors of the Abyss.
 16072 | Lair:5   | 16072 ||| PLANNING D
 16201 | D:12     | Reached skill level 18 in Ranged Weapons
 16495 | D:12     | 16495 ||| INVOKING Heroism.
 16496 | D:12     | 16496 ||| INVOKING Finesse.
 16546 | D:12     | 16546 ||| INVOKING Heroism.
 16696 | D:12     | 16696 ||| READING scroll of enchant weapon.
 16696 | D:12     | 16696 ||| ENCHANTING +2 longbow of freezing.
 16738 | D:12     | 16738 ||| INVOKING Heroism.
 17016 | D:13     | 17016 ||| INVOKING Heroism.
 17117 | D:13     | Found Upal's Mayhem Merchandise.
 17188 | D:13     | Found a gate to the Vaults.
 17200 | D:13     | 17200 ||| INVOKING Heroism.
 17211 | D:13     | HP: 23/92 [vault guard/+0 long sword (4)]
 17212 | D:13     | 17212 ||| READING 6 scrolls of teleportation.
 17212 | D:13     | HP: 9/92 [vault guard/+0 long sword (15)]
 17213 | D:13     | 17213 ||| DRINKING 3 potions of heal wounds.
 17214 | D:13     | 17214 ||| DRINKING 2 potions of heal wounds.
 17390 | D:13     | 17390 ||| INVOKING Heroism.
 17662 | D:13     | 17662 ||| INVOKING Heroism.
 17961 | D:13     | 17961 ||| INVOKING Heroism.
 17984 | D:13     | Reached skill level 19 in Ranged Weapons
 18004 | D:13     | 18004 ||| READING 3 scrolls of identify.
 18004 | D:13     | 18004 ||| IDENTIFYING sedimented cyan potion
 18152 | D:14     | Reached XP level 15. HP: 92/97 MP: 22/22
 18166 | D:14     | 18166 ||| INVOKING Heroism.
 18324 | D:14     | 18324 ||| INVOKING Heroism.
 18357 | D:14     | 18357 ||| INVOKING Heroism.
 18472 | D:14     | Found a bloodstained altar of Trog.
 18634 | D:15     | Entered Level 15 of the Dungeon
 18677 | D:15     | 18677 ||| INVOKING Heroism.
 18682 | D:15     | 18682 ||| Stepping ~*~*~tactically~*~*~ (outnumbered).
 18747 | D:15     | 18747 ||| INVOKING Heroism.
 19438 | D:15     | 19438 ||| Stepping ~*~*~tactically~*~*~ (outnumbered).
 19439 | D:15     | 19439 ||| INVOKING Heroism.
 19646 | D:15     | 19646 ||| Stepping ~*~*~tactically~*~*~ (outnumbered).
 19651 | D:15     | 19651 ||| Stepping ~*~*~tactically~*~*~ (outnumbered).
 19652 | D:15     | 19652 ||| Stepping ~*~*~tactically~*~*~ (outnumbered).
 19654 | D:15     | 19654 ||| Stepping ~*~*~tactically~*~*~ (outnumbered).
 19665 | D:15     | 19665 ||| INVOKING Heroism.
 19715 | D:15     | Found a staircase to the Depths.
 19741 | D:15     | 19741 ||| PLANNING ORC
 19741 | D:15     | 19741 ||| UPGRADING to amulet of regeneration.
 19746 | D:15     | 19746 ||| READING 3 scrolls of identify.
 19746 | D:15     | 19746 ||| IDENTIFYING murky emerald potion
 19747 | D:15     | 19747 ||| DROPPING potion of attraction.
 19903 | Orc:1    | Entered Level 1 of the Orcish Mines
 19918 | Orc:1    | 19918 ||| STAIRDANCE
 19986 | Orc:1    | 19986 ||| Stepping ~*~*~tactically~*~*~ (outnumbered).
 19989 | Orc:1    | 19989 ||| Stepping ~*~*~tactically~*~*~ (outnumbered).
 20032 | Orc:1    | 20032 ||| INVOKING Heroism.
 20033 | Orc:1    | Noticed Erica
 20034 | Orc:1    | 20034 ||| INVOKING Finesse.
 20047 | Orc:1    | Killed Erica
 20104 | Orc:1    | Found Ytaru's Jewellery Shop.
 20111 | Orc:1    | 20111 ||| BUYING amulet of faith (680 gold).
 20111 | Orc:1    | Bought an amulet of faith for 680 gold pieces
 20111 | Orc:1    | 20111 ||| SHOPLISTING amulet of reflection (510 gold, have
                  | 356).
 20111 | Orc:1    | 20111 ||| SHOPLISTING ring of fire (425 gold, have 356).
 20111 | Orc:1    | 20111 ||| SHOPLISTING ring of protection from fire (425
                  | gold, have 356).
 20236 | Orc:1    | 20236 ||| UPGRADING to amulet of faith.
 20262 | Orc:2    | Entered Level 2 of the Orcish Mines
 20263 | Orc:2    | 20263 ||| INVOKING Heroism.
 20272 | Orc:2    | Reached skill level 20 in Ranged Weapons
 20299 | Orc:2    | 20299 ||| INVOKING Heroism.
 20300 | Orc:2    | 20300 ||| Stepping ~*~*~tactically~*~*~ (outnumbered).
 20301 | Orc:2    | 20301 ||| Stepping ~*~*~tactically~*~*~ (outnumbered).
 20308 | Orc:2    | Paralysed by an orc sorcerer for 3 turns
 20328 | Orc:2    | 20328 ||| INVOKING Heroism.
 20367 | Orc:2    | 20367 ||| Stepping ~*~*~tactically~*~*~ (outnumbered).
 20369 | Orc:2    | 20369 ||| INVOKING Heroism.
 20373 | Orc:2    | 20373 ||| Stepping ~*~*~tactically~*~*~ (outnumbered).
 20381 | Orc:2    | 20381 ||| INVOKING Heroism.
 20420 | Orc:2    | Noticed an orc warlord
 20421 | Orc:2    | 20421 ||| INVOKING Finesse.
 20434 | Orc:2    | 20434 ||| Stepping ~*~*~tactically~*~*~ (outnumbered).
 20437 | Orc:2    | 20437 ||| Stepping ~*~*~tactically~*~*~ (outnumbered).
 20438 | Orc:2    | 20438 ||| Stepping ~*~*~tactically~*~*~ (outnumbered).
 20439 | Orc:2    | 20439 ||| INVOKING Heroism.
 20442 | Orc:2    | Killed an orc warlord
 20486 | Orc:2    | 20486 ||| INVOKING Heroism.
 20515 | Orc:2    | Noticed Saint Roka
 20516 | Orc:2    | 20516 ||| INVOKING Finesse.
 20531 | Orc:2    | 20531 ||| Stepping ~*~*~tactically~*~*~ (outnumbered).
 20547 | Orc:2    | Killed Saint Roka
 20551 | Orc:2    | HP: 19/100 [orc priest/divine providence[Saint Roka] (16)]
 20552 | Orc:2    | Reached XP level 16. HP: 20/106 MP: 19/23
 20552 | Orc:2    | 20552 ||| READING 5 scrolls of teleportation.
 20553 | Orc:2    | 20553 ||| DRINKING potion of heal wounds.
 20740 | Orc:2    | Found Jiuf's General Store.
 20747 | Orc:2    | 20747 ||| BUYING potion of heal wounds (75 gold).
 20747 | Orc:2    | Bought a potion of heal wounds for 75 gold pieces
 20755 | Orc:2    | Found Jili's Antique Weapon Shoppe.
 20799 | Orc:1    | Found Miuseuh's Jewellery Shop.
 20810 | Orc:1    | 20810 ||| SHOPLISTING +6 ring of dexterity (504 gold, have
                  | 442).
 20810 | Orc:1    | 20810 ||| SHOPLISTING ring of Ywaiript {*Corrode rC+ Str+6
                  | Dex+6} (798 gold, have 442).
 20810 | Orc:1    | 20810 ||| BUYING ring of protection from fire (350 gold).
 20810 | Orc:1    | Bought a ring of protection from fire for 350 gold pieces
 20813 | Orc:1    | Found Immod's Assorted Antiques.
 20821 | Orc:1    | 20821 ||| SHOPLISTING potion of might (100 gold, have 92).
 20821 | Orc:1    | 20821 ||| SHOPLISTING potion of mutation (200 gold, have
                  | 92).
 20821 | Orc:1    | 20821 ||| BUYING scroll labelled NYTONOOLAQ (25 gold).
 20821 | Orc:1    | Bought a scroll labelled NYTONOOLAQ for 25 gold pieces
 20821 | Orc:1    | 20821 ||| SHOPLISTING scroll of enchant armour (187 gold,
                  | have 67).
 20821 | Orc:1    | 20821 ||| READING scroll of acquirement.
 20821 | Orc:1    | 20821 ||| ACQUIRING ring of Ocseh {rN+ Str+5 SInv}
 20821 | Orc:1    | Acquired the ring of Ocseh {rN+ Str+5 SInv}
 20823 | Orc:1    | 20823 ||| UPGRADING to ring of Ocseh {rN+ Str+5 SInv}.
 20930 | Orc:2    | 20930 ||| INVOKING Heroism.
 20967 | Orc:2    | Found a staircase to the Elven Halls.
 20980 | Orc:1    | Found Ruodgh's Antique Weapon Shop.
 21050 | Orc:1    | Found a transporter.
 21179 | Orc:2    | Found Ydghoef's Antique Armour Shoppe.
 21194 | Orc:2    | Found Vir Bum's Book Shoppe.
 21226 | Orc:2    | Found Yhicsit's Magic Scroll Boutique.
 21237 | Orc:2    | 21237 ||| BUYING scroll of identify (30 gold).
 21237 | Orc:2    | Bought a scroll of identify for 30 gold pieces
 21237 | Orc:2    | 21237 ||| BUYING scroll of identify (30 gold).
 21237 | Orc:2    | Bought a scroll of identify for 30 gold pieces
 21237 | Orc:2    | 21237 ||| BUYING scroll of teleportation (45 gold).
 21237 | Orc:2    | Bought a scroll of teleportation for 45 gold pieces
 21416 | Orc:2    | 21416 ||| PLANNING SNAKE:1-3
 21563 | Snake:1  | Entered Level 1 of the Snake Pit
 21617 | Snake:1  | Found Otanolunu's Jewellery Shoppe.
 21619 | Snake:1  | Found Jeriamep's Antique Weapon Shoppe.
 21619 | Snake:1  | Found Xokosu's Distillery.
 21624 | Snake:1  | Found Niegasap's Armour Emporium.
 21629 | Snake:1  | 21629 ||| BUYING 2 potions of might (128 gold).
 21629 | Snake:1  | Bought 2 potions of might for 128 gold pieces
 21629 | Snake:1  | 21629 ||| SHOPLISTING potion of cancellation (128 gold,
                  | have 107).
 21629 | Snake:1  | 21629 ||| BUYING potion of curing (48 gold).
 21629 | Snake:1  | Bought a potion of curing for 48 gold pieces
 21629 | Snake:1  | 21629 ||| SHOPLISTING potion of heal wounds (80 gold, have
                  | 59).
 21629 | Snake:1  | 21629 ||| SHOPLISTING potion of mutation (128 gold, have
                  | 59).
 21651 | Snake:1  | 21651 ||| READING scroll of enchant weapon.
 21651 | Snake:1  | 21651 ||| ENCHANTING +3 longbow of freezing.
 21715 | Snake:1  | Reached skill level 9 in Dodging
 21744 | Snake:1  | 21744 ||| Stepping ~*~*~tactically~*~*~ (outnumbered).
 21747 | Snake:1  | 21747 ||| Stepping ~*~*~tactically~*~*~ (outnumbered).
 21755 | Snake:1  | 21755 ||| Stepping ~*~*~tactically~*~*~ (outnumbered).
 21876 | Snake:1  | Received a gift from Okawaru
 21877 | Snake:1  | Reached skill level 9 in Armour
 21905 | Snake:1  | 21905 ||| INVOKING Heroism.
 22203 | Snake:1  | Identified the scarf of Kasunin {harm, Dex+2} (Okawaru
                  | gifted it to you on level 1 of the Snake Pit)
 22203 | Snake:1  | Received a gift from Okawaru
 22485 | Snake:1  | 22485 ||| DROPPING scarf of invisibility.
 22486 | Snake:1  | 22486 ||| DROPPING scarf of Kasunin {harm, Dex+2}.
 22557 | Snake:2  | Reached skill level 15 in Fighting
 22646 | Snake:2  | Noticed a nagaraja
 22647 | Snake:2  | 22647 ||| INVOKING Heroism.
 22653 | Snake:2  | Killed a nagaraja
 22730 | Snake:2  | Found Ahenur's Distillery.
 22738 | Snake:2  | 22738 ||| BUYING 2 potions of curing (84 gold).
 22738 | Snake:2  | Bought 2 potions of curing for 84 gold pieces
 22738 | Snake:2  | 22738 ||| BUYING potion of enlightenment (70 gold).
 22738 | Snake:2  | Bought a potion of enlightenment for 70 gold pieces
 22738 | Snake:2  | 22738 ||| SHOPLISTING potion of haste (140 gold, have 97).
 22738 | Snake:2  | 22738 ||| BUYING potion of heal wounds (70 gold).
 22738 | Snake:2  | Bought a potion of heal wounds for 70 gold pieces
 22738 | Snake:2  | 22738 ||| SHOPLISTING potion of might (56 gold, have 27).
 22837 | Snake:2  | 22837 ||| Stepping ~*~*~tactically~*~*~ (outnumbered).
 22881 | Snake:2  | Identified the +11 glaive of Anguish {flame, Str+2 Dex+3}
 23362 | Snake:2  | 23362 ||| Stepping ~*~*~tactically~*~*~ (outnumbered).
 23364 | Snake:2  | 23364 ||| Stepping ~*~*~tactically~*~*~ (outnumbered).
 23517 | Snake:2  | 23517 ||| READING 7 scrolls of identify.
 23517 | Snake:2  | 23517 ||| IDENTIFYING sedimented purple potion
 23554 | Snake:3  | 23554 ||| Stepping ~*~*~tactically~*~*~ (outnumbered).
 23556 | Snake:3  | 23556 ||| Stepping ~*~*~tactically~*~*~ (outnumbered).
 23560 | Snake:3  | 23560 ||| Stepping ~*~*~tactically~*~*~ (outnumbered).
 23562 | Snake:3  | 23562 ||| INVOKING Heroism.
 23577 | Snake:3  | Noticed a nagaraja
 23587 | Snake:3  | Killed a nagaraja
 23717 | Snake:3  | Noticed Aizul
 23718 | Snake:3  | 23718 ||| INVOKING Heroism.
 23719 | Snake:3  | 23719 ||| INVOKING Finesse.
 23725 | Snake:3  | Killed Aizul
 23754 | Snake:3  | Noticed Bai Suzhen
 23761 | Snake:3  | 23761 ||| INVOKING Heroism.
 23761 | Snake:3  | Noticed a nagaraja
 23764 | Snake:3  | 23764 ||| Stepping ~*~*~tactically~*~*~ (outnumbered).
 23765 | Snake:3  | 23765 ||| Stepping ~*~*~tactically~*~*~ (outnumbered).
 23782 | Snake:3  | Killed Bai Suzhen
 23782 | Snake:3  | Identified the +7 plate armour of Kupophuy {rF+ Stlth+}
                  | (Okawaru gifted it to you on level 3 of the Snake Pit)
 23782 | Snake:3  | Received a gift from Okawaru
 23796 | Snake:3  | Killed a nagaraja
 24151 | Snake:3  | 24151 ||| Stepping ~*~*~tactically~*~*~ (outnumbered).
 24369 | Snake:3  | 24369 ||| READING scroll of enchant armour.
 24369 | Snake:3  | 24369 ||| ENCHANTING +1 pair of boots.
 24527 | Snake:3  | 24527 ||| PLANNING SHOALS:1-3
 24674 | Shoals:1 | Entered Level 1 of the Shoals
 24702 | Shoals:1 | 24702 ||| INVOKING Heroism.
 24713 | Shoals:1 | Reached XP level 17. HP: 115/115 MP: 22/24
 24793 | Shoals:1 | Found Varu's Book Boutique.
 24813 | Shoals:1 | 24813 ||| INVOKING Heroism.
 24828 | Shoals:1 | Identified Roxanne's Parchment of Sculpting
 24828 | Shoals:1 | Noticed Roxanne
 24829 | Shoals:1 | 24829 ||| INVOKING Finesse.
 24847 | Shoals:1 | Killed Roxanne
 24953 | Shoals:1 | 24953 ||| INVOKING Heroism.
 24954 | Shoals:1 | Paralysed by a fenstrider witch for 4 turns
 25088 | Shoals:1 | 25088 ||| INVOKING Heroism.
 25460 | Shoals:1 | 25460 ||| INVOKING Heroism.
 25612 | Shoals:2 | 25612 ||| FLEEEEING.
 25616 | Shoals:2 | 25616 ||| FLEEEEING.
 25617 | Shoals:2 | 25617 ||| FLEEEEING.
 25618 | Shoals:2 | 25618 ||| FLEEEEING.
 25619 | Shoals:2 | 25619 ||| FLEEEEING.
 25625 | Shoals:2 | Received a gift from Okawaru
 25630 | Shoals:2 | 25630 ||| INVOKING Heroism.
 25653 | Shoals:2 | 25653 ||| Stepping ~*~*~tactically~*~*~ (outnumbered).
 25654 | Shoals:2 | 25654 ||| Stepping ~*~*~tactically~*~*~ (outnumbered).
 25664 | Shoals:2 | HP: 25/117 [faun/+0 club[a satyr] (11)]
 25665 | Shoals:2 | 25665 ||| READING 5 scrolls of teleportation.
 25665 | Shoals:2 | Slain by a faun

Levels and vault maps discovered:
D:1:      shiori_arrival_elements, layout_basic, serial_shops, shop
D:2:      layout_basic, ebering_ecumenical_altar_rust
D:3:      layout_basic, nicolae_overflow_hidden_temple,
          overflow_temple_1_default, hangedman_decor_push, kennysheep_boxes
D:4:      layout_loops_cross, nicolae_tso_besieged_by_evil,
          gammafunk_ghost_smash, uniq_edmund, uniq_robin
D:5:      layout_layer_cave, grunt_temple_overflow_gold_and_silver,
          minmay_temple_entry_mist
D:6:      layout_basic, uniq_eustachio
D:7:      layout_rooms, chequers_temple_overflow_minitemple
D:8:      layout_cave_pools
D:9:      layout_cave_pools, hiddenorc1_lemuel, serial_shops, shop,
          grunt_ministairs_2, serial_nicolae_subway, nicolae_sub_station_stone,
          nicolae_sub_station_metal, nicolae_sub_station_crystal
D:10:     layout_roguey, vehumet_statue, mainiacjoe_overflow_alcove_4
D:11:     layout_stronghold, hellmonk_lair_entry_icy,
          nicolae_trove_entry_columns
D:12:     layout_small_grid, kennysheep_cluttered_room,
          nicolae_elevator_lobby_asterisk
D:13:     layout_roguey, erik_vaults_2, minmay_shop_mayhem
D:14:     layout_cave_pools, trog_three_pillars_becter
D:15:     grunt_enter_depths_magical_seal, layout_loops_ring
Lair:1:   beast_lair_carwin_large_4, layout_small_grid
Lair:2:   layout_long_grid, minmay_snake_entry_guardpost_medium, special_room
          [special_room_bee]
Lair:3:   layout_hall_layers, minmay_shoals_entry_hut,
          infiniplex_staircase_pool_2
Lair:4:   layout_regular_city, slime_entry_2, uniq_sonja
Lair:5:   hellmonk_lair_end_abyssal_woods, layout_hall_layers
Shoals:1: layout_shoals, serial_shops, shop,
          nicolae_shoals_beach_house_on_fowls_legs, uniq_roxanne
Shoals:2: layout_shoals
Snake:1:  layout_onion, st_stairs_2, abandoned_shop, minmay_shoptagon
Snake:2:  cheibrodos_forgotten_conduit, layout_grid_maze, serial_shops, shop,
          serial_bayou_pond_b
Snake:3:  nicolae_snakescales, layout_basic, uniq_bai_suzhen, uniq_aizul
Orc:1:    emtedronai_trogs_sanctum, layout_caves, serial_shops, shop, shop,
          nicolae_shop_trees, shop, uniq_erica
Orc:2:    grunt_orc_cross, layout_caves, serial_shops, shop_scrolls,
          basic_altar, uniq_saint_roka

Skill      XL: |  1  2  3  4  5  6  7  8  9 10 11 12 13 14 15 16 17 |
---------------+----------------------------------------------------+-----
Ranged Weapons | 3 4 5 6 7 8 10 11 13 15 16 19 20 | 20.0
Fighting       | 2 3 4 5 7 8 10 12 14 16 17 | 17.1
Armour         | 2 4 5 7 8 10 | 10.0
Invocations    | 1 4 5 9 10 | 10.0
Dodging        | 2 5 6 7 8 10 11 | 11.0
Spellcasting   | |  1.0
Hexes          | |  2.6

Action                     |  1- 3 |  4- 6 |  7- 9 | 10-12 | 13-15 | 16-18 || total
---------------------------+-------+-------+-------+-------+-------+-------++-------
   Fire: Sling             |    96 |   115 |       |       |       |       ||   211
         Shortbow          |       |   114 |   240 |       |       |       ||   354
         Orcbow            |       |       |    80 |   647 |   330 |       ||  1057
         Longbow           |       |       |       |       |   949 |   588 ||  1537
 Invoke: Heroism           |       |       |     9 |    17 |    38 |    12 ||    76
         Finesse           |       |       |       |     1 |     7 |     2 ||    10
    Use: Scroll            |     2 |     6 |     7 |     8 |     9 |     6 ||    38
         Potion            |     1 |     3 |     4 |     2 |     3 |     1 ||    14
 Armour: Robe              |     8 |     3 |       |       |       |       ||    11
         Ring mail         |       |    30 |    17 |   136 |   210 |   100 ||   493
         Animal skin       |       |       |    25 |    38 |       |       ||    63
  Dodge: Dodged            |    19 |   115 |   176 |   601 |   632 |   209 ||  1752

Table legend:
 A = Non-vault XP
 B = Vault XP
 C = Vault XP percentage of total XP
 D = Non-vault monster count
 E = Vault monster count
 F = Vault count percentage of total count
                 A         B        C        D         E       F
            +---------+---------+-------+---------+---------+-------
      Total |  147126 |   58163 |  28.3 |     554 |     231 |  29.4
            +---------+---------+-------+---------+---------+-------
        D:1 |      42 |       0 |   0.0 |      16 |       0 |   0.0
        D:2 |      70 |       0 |   0.0 |      22 |       0 |   0.0
        D:3 |      22 |       0 |   0.0 |      12 |       0 |   0.0
        D:4 |     276 |     252 |  47.7 |      17 |      27 |  61.4
        D:5 |     706 |       0 |   0.0 |      22 |       0 |   0.0
        D:6 |     624 |     191 |  23.4 |      10 |       1 |   9.1
        D:7 |    1547 |       0 |   0.0 |      23 |       0 |   0.0
        D:8 |    2007 |     144 |   6.7 |       8 |       2 |  20.0
        D:9 |    3347 |     467 |  12.2 |      20 |      20 |  50.0
       D:10 |    3204 |      32 |   1.0 |      16 |       1 |   5.9
       D:11 |    3188 |    1526 |  32.4 |       9 |      10 |  52.6
       D:12 |    5764 |       0 |   0.0 |      15 |       0 |   0.0
       D:13 |    4936 |    6058 |  55.1 |      10 |       7 |  41.2
       D:14 |   10309 |       0 |   0.0 |      16 |       0 |   0.0
       D:15 |   15062 |    3776 |  20.0 |      36 |       8 |  18.2
     Lair:1 |    8194 |    1599 |  16.3 |      26 |      15 |  36.6
     Lair:2 |    2634 |    2627 |  49.9 |      18 |      27 |  60.0
     Lair:3 |    5210 |     265 |   4.8 |      24 |       1 |   4.0
     Lair:4 |    7351 |     785 |   9.6 |      32 |       1 |   3.0
     Lair:5 |   11835 |    9510 |  44.6 |      35 |      38 |  52.1
   Shoals:1 |   15495 |    2672 |  14.7 |      29 |       2 |   6.5
   Shoals:2 |    7217 |       0 |   0.0 |      14 |       0 |   0.0
    Snake:1 |   14350 |    1396 |   8.9 |      29 |       2 |   6.5
    Snake:2 |    7107 |    6851 |  49.1 |      14 |      13 |  48.1
    Snake:3 |    9816 |    8102 |  45.2 |      23 |       7 |  23.3
      Orc:1 |    1980 |     823 |  29.4 |      36 |       1 |   2.7
      Orc:2 |    4833 |   11087 |  69.6 |      22 |      48 |  68.6
            +---------+---------+-------+---------+---------+-------
